 Dungeon Sprint DCSS version 0.26-a0-712-ga5a9c9c9d0 (webtiles) character file.

Game seed: 10996629833599182168

4 mhtbhm the Skirmisher (level 1, -14/22 HPs)
             Began as a Kobold Berserker on Oct 31, 2020.
             Was a Believer of Trog.
             Demolished by an ogre
             ... wielding a +0 giant spiked club
              (35 damage)
             ... in the Dungeon (Sprint IX: "|||||||||||||||||||||||||||||").
             The game lasted 00:00:07 (230 turns).

mhtbhm the Skirmisher (Kobold Berserker)             Turns: 230, Time: 00:00:07

Health: -14/22     AC:  2    Str: 14    XL:     1   Next: 77%
Magic:  1/1        EV: 15    Int:  8    God:    Trog [**....]
Gold:   0          SH:  0    Dex: 14    Spells: 0/0 levels left

rFire    . . .     SeeInvis .   a - +0 mace
rCold    . . .     Faith    .   (shield restricted)
rNeg     . . .     Spirit   .   b - +0 animal skin
rPois    .         Reflect  .   (no helmet)
rElec    .         Harm     .   (no cloak)
rCorr    .         Rampage  .   (no gloves)
MR       .....     NoTele   +   (no boots)
Stlth    ..........             (no amulet)
HPRegen  0.07/turn              (no ring)
MPRegen  0.07/turn              (no ring)

@: berserking, very quick
A: small, nightstalker 3
a: Berserk, Trog's Hand, Renounce Religion


You were in the Dungeon.
You worshipped Trog.
Trog was pleased with you.
You visited 1 branch

Inventory:

Hand Weapons
 a - a +0 mace (weapon)
Armour
 b - a +0 animal skin (worn)
Scrolls
 h - a scroll of blinking
Potions
 c - a potion of curing
 d - a potion of heal wounds
 e - a potion of haste
 f - 2 potions of magic
 g - a potion of berserk rage


   Skills:
 + Level 4.1 Fighting
 + Level 3.1 Maces & Flails
 + Level 1.7 Armour
 + Level 3.0 Dodging
 + Level 0.1 Stealth


You couldn't memorise any spells.
You didn't know any spells.
Your spell library was empty.

Dungeon Overview and Level Annotations

Branches:
Dungeon (1/1)

Altars:


Innate Abilities, Weirdness & Mutations

You are small and have problems with some larger weapons.
You are completely attuned to the shadows.


Message History

A giant cockroach comes into view.
The quokka skeleton barely misses you.
There is an open door here.
Unknown command.
A red film seems to cover your vision as you go berserk!
You feel yourself moving faster!
You feel mighty!
The ogre shouts!
The quokka skeleton bites you.
You sock the quokka skeleton!
You destroy the quokka skeleton!
Trog accepts your kill.
A leopard gecko comes into view.
You sock the ogre!
The ogre is heavily wounded.
The ogre closely misses you.
You barely miss the ogre.
The ogre is heavily wounded.
The ogre hits you with a +0 giant spiked club!!
Ouch! That really hurt!
You die...

▓l▓
▓B▓
▓Z▓
▓O▓
▓@▓
▓'▓
▓.▓
▓.▓
▓÷▓
▓)▓
▓)▓
▓'▓
▓.▓


You could see an ogre, a bat zombie, a leopard gecko and a giant cockroach.

Vanquished Creatures
  A frilled lizard (D)
  2 goblins (D)
  A quokka skeleton (D)
  2 rats (D)
6 creatures vanquished.

Notes
Turn   | Place    | Note
-------+----------+-------------------------------------------
     0 | D        | mhtbhm the Kobold Berserker began the quest for the Orb.
     0 | D        | Reached XP level 1. HP: 14/14 MP: 1/1
    12 | D        | Reached ** piety under Trog
    16 | D        | Reached skill level 4 in Fighting
   224 | D        | Noticed an ogre
   230 | D        | Demolished by an ogre

Illustrated notes

Levels and vault maps discovered:
D:        linesprint [early_d, line_temple, items_1, d_10, items_2, lair_1,
          lair_end, items_3, orc_1, orc_end, items_4, d_15, swamp_1, shoals_1,
          snake_1, spider_1, d_20, vaults_1, items_5, swamp_end, shoals_end,
          snake_end, spider_end, vaults_end, d_27, items_6, zot_1, zot_end,
          crypt_end, forest_end, elf_end, slime_end, tomb_end, abyss_end,
          pan_hell_end]

Skill      XL: |  1 |
---------------+----+-----
Maces & Flails | 3 |  3.1
Dodging        | 3 |  3.0
Fighting       | 4 |  4.1
Armour         | |  1.7
Stealth        | |  0.1

Action                   || total
-------------------------++-------
Melee: Mace              ||    15
Invok: Berserk           ||     2
 Stab: Sleeping          ||     1
Armor: Animal skin       ||     2
Dodge: Dodged            ||     6

Table legend: (Time is in decaauts)
 A = Elapsed time spent in this place.
 B = Non-inter-level travel time spent in this place.
 C = Inter-level travel time spent in this place.
 D = Time resting spent in this place.
 E = Time spent auto-exploring this place.
 F = Levels seen in this place.
 G = Mean time per level.
                   A        B        C        D        E       F      G
               +--------+--------+--------+--------+--------+-----+--------+
         Total |    244 |    244 |      0 |    215 |      3 |   1 |  244.0 |
       Dungeon |    244 |    244 |      0 |    215 |      3 |   1 |  244.0 |
               +--------+--------+--------+--------+--------+-----+--------+

Top non-repeatable levels by time:
       D: 244 daAuts
